 Dungeon Crawl Stone Soup version 0.26.1-11-gd32895ea62 (webtiles) character file.

Game seed: 9154328491386806433

368 Almogavar the Bolt Thrower (level 6, -3/47 HPs)
             Began as a Gnoll Wanderer on May 16, 2021.
             Slain by a centaur (8 damage)
             ... on level 5 of the Dungeon.
             The game lasted 00:18:16 (5031 turns).

Almogavar the Bolt Thrower (Gnoll Wanderer)         Turns: 5031, Time: 00:18:17

Health: -3/47      AC:  2    Str: 17    XL:     6   Next: 69%
Magic:  10/11      EV: 12    Int: 16    God:
Gold:   216        SH:  0    Dex: 12    Spells: 11/12 levels left

rFire    + . .     SeeInvis +   o - +0 flail (holy)
rCold    + . .     Faith    .   (no shield)
rNeg     . . .     Spirit   .   e - +0 robe
rPois    .         Reflect  .   (no helmet)
rElec    .         Harm     .   f - scarf {rC+ rF+}
rCorr    .         Rampage  .   (no gloves)
Will     .....                  (no boots)
Stlth    ++........             (no amulet)
HPRegen  0.15/turn              h - ring of see invisible
MPRegen  0.12/turn              (no ring)

@: no status effects
A: distributed training, fangs 1, strong nose
a: no special abilities


You were on level 5 of the Dungeon.
You visited 1 branch of the dungeon, and saw 5 of its levels.

You collected 216 gold pieces.

Inventory:

Hand Weapons
 a - a +2 hand crossbow
 o - a +0 flail of holy wrath (weapon)
 u - the +9 hunting sling "Plog" {vorpal, rC+ Dex+2, unknown}
   (You found it on level 4 of the Dungeon)

   Any stone fired from it inflicts extra damage.
   It affects your dexterity (+2).
   It protects you from cold.
Missiles
 b - 42 bolts
 n - 91 stones (quivered)
 p - 58 arrows
Armour
 e - a +0 robe (worn)
 f - a scarf of resistance (worn)
 g - a +0 ring mail of positive energy
 r - the +5 ring mail of Existentialism {rC+ Dex+5}
   (You found it on level 4 of the Dungeon)

   It affects your dexterity (+5).
   It protects you from cold.
 t - a +0 buckler
Jewellery
 h - a ring of see invisible (left hand)
Wands
 c - a wand of polymorph (6)
 w - a wand of iceblast (10)
Scrolls
 d - a scroll of teleportation
 i - a scroll of noise
 j - a scroll of enchant weapon
 m - a scroll of random uselessness {unknown}
 q - 2 scrolls of remove curse
Potions
 l - 3 potions of lignification
 s - a potion of curing
 v - 2 potions of flight {unknown}


   Skills:
 + Level 3.3 Fighting
 + Level 2.1 Short Blades
 + Level 2.1 Long Blades
 + Level 2.1 Axes
 + Level 2.1 Maces & Flails
 + Level 2.1 Polearms
 + Level 2.1 Staves
 + Level 2.1 Slings
 + Level 2.1 Bows
 + Level 6.9 Crossbows
 + Level 3.3 Throwing
 + Level 3.3 Armour
 + Level 2.1 Dodging
 + Level 2.1 Stealth
 + Level 3.3 Shields
 + Level 2.1 Unarmed Combat
 + Level 3.5 Spellcasting
 + Level 1.6 Conjurations
 + Level 1.6 Hexes
 + Level 1.6 Summonings
 + Level 1.6 Necromancy
 + Level 1.6 Translocations
 + Level 1.6 Transmutations
 + Level 1.6 Fire Magic
 + Level 1.6 Ice Magic
 + Level 1.6 Air Magic
 + Level 1.6 Earth Magic
 + Level 4.1 Poison Magic
 + Level 2.3 Invocations
 + Level 2.1 Evocations


You had 11 spell levels left.
You knew the following spells:

 Your Spells              Type           Power        Failure   Level
a - Sting                 Tmut/Pois      48%          5%          1

Your spell library contained the following spells:

 Spells                   Type           Power        Failure   Level
 Corona                   Hex            8%           9%          1
 Ensorcelled Hibernation  Hex/Ice        16%          14%         2
 Mephitic Cloud           Conj/Pois/Air  10%          19%         3
 Confusing Touch          Hex            8%           26%         3
 Dazzling Flash           Conj/Hex       16%          26%         3
 Tukima's Dance           Hex            8%           26%         3


Dungeon Overview and Level Annotations

Branches:
Dungeon (5/15)
 Temple: D:4-7

Altars:
Ashenzari
Elyvilon

Shops:
D:5 *


Innate Abilities, Weirdness & Mutations

Your experience applies equally to all skills.
You have very sharp teeth.
Your uncanny sense of smell can sniff out nearby items.


Message History

The centaur is heavily wounded.
The bullfrog zombie hits you. The centaur hits you.
The bullfrog zombie barely misses you. The centaur hits you!
You are too injured to fight recklessly!
You are too injured to fight recklessly!
You are too injured to fight recklessly!
Casting: Sting (safe; 5% risk of failure)
Confirm with . or Enter, or press ? or * to list all spells.
Aiming: Sting (safe; 5% risk of failure)
Press: ? - help, Shift-Dir - straight line, f - bullfrog zombie
Aim: a bullfrog zombie (17% to evade)
The sting hits the bullfrog zombie.
The bullfrog zombie is lightly damaged.
The bullfrog zombie hits you. The centaur hits you.
* * * LOW HITPOINT WARNING * * *
The centaur hits you!
* * * LOW HITPOINT WARNING * * *
The bullfrog zombie hits you but does no damage.
The centaur hits you!
You die...

#..............#
#..........#...#####
#...................
#........∩........#.
##...................
#...................#
#.......###...#......
#........####.....##.
##.......@.# ####....
..........c#Z## .....
#########....(# .#...
###.#(# #...# #.....
#.?>### #...# #.Z.#


You could see a centaur and a bullfrog zombie.

Vanquished Creatures
  A scorpion (D:4)
  An orc priest (D:3)
  A hound (D:4)
  A worker ant (D:5)
  Natasha (thrice) (D:4)
  An orc wizard (D:3)
  3 gnolls (D:3)
  5 adders
  4 dart slugs
  2 leopard geckos
  2 orcs (D:3)
  2 ball pythons
  2 giant cockroaches (D:2)
  6 goblins
  6 hobgoblins
  A quokka (D:2)
  4 bats
  7 frilled lizards
  8 kobolds
  5 rats
65 creatures vanquished.

Notes
Turn   | Place    | Note
-------+----------+-------------------------------------------
     0 | D:1      | Almogavar the Gnoll Wanderer began the quest for the Orb.
     0 | D:1      | Almogavar set off with the following items: a +2 hand
                  | crossbow, 20 bolts, a scroll of teleportation, a +0 robe;
                  | and the following spell memorised: Sting; and the following
                  | spells available to memorise: Mephitic Cloud
     0 | D:1      | Reached XP level 1. HP: 17/17 MP: 4/4
    24 | D:1      | You fall into a shaft and drop 1 floor!
   279 | D:2      | Reached XP level 2. HP: 23/23 MP: 3/5
   525 | D:1      | Reached XP level 3. HP: 17/28 MP: 2/7
   749 | D:1      | Reached skill level 1 in Invocations
  1430 | D:2      | Reached skill level 1 in Short Blades
  1430 | D:2      | Reached skill level 1 in Long Blades
  1430 | D:2      | Reached skill level 1 in Axes
  1430 | D:2      | Reached skill level 1 in Maces & Flails
  1430 | D:2      | Reached skill level 1 in Polearms
  1430 | D:2      | Reached skill level 1 in Staves
  1430 | D:2      | Reached skill level 1 in Slings
  1430 | D:2      | Reached skill level 1 in Bows
  1430 | D:2      | Reached skill level 1 in Dodging
  1430 | D:2      | Reached skill level 1 in Stealth
  1430 | D:2      | Reached skill level 1 in Unarmed Combat
  1430 | D:2      | Reached skill level 1 in Evocations
  1783 | D:2      | Reached XP level 4. HP: 23/34 MP: 3/8
  1928 | D:2      | Found a faded altar of an unknown god.
  1987 | D:2      | Found a broken altar of Ashenzari.
  2054 | D:3      | Reached skill level 1 in Conjurations
  2054 | D:3      | Reached skill level 1 in Hexes
  2054 | D:3      | Reached skill level 1 in Summonings
  2054 | D:3      | Reached skill level 1 in Necromancy
  2054 | D:3      | Reached skill level 1 in Translocations
  2054 | D:3      | Reached skill level 1 in Transmutations
  2054 | D:3      | Reached skill level 1 in Fire Magic
  2054 | D:3      | Reached skill level 1 in Ice Magic
  2054 | D:3      | Reached skill level 1 in Air Magic
  2054 | D:3      | Reached skill level 1 in Earth Magic
  2065 | D:3      | Reached XP level 5. HP: 21/40 MP: 6/9
  3122 | D:3      | Found a white marble altar of Elyvilon.
  3515 | D:4      | Got a polished ring mail
  3884 | D:4      | Got a masterwork hunting sling
  3922 | D:4      | Reached XP level 6. HP: 26/47 MP: 7/11
  4130 | D:4      | Noticed Natasha
  4133 | D:4      | Killed Natasha
  4184 | D:4      | Noticed Natasha
  4194 | D:4      | Killed Natasha
  4320 | D:4      | Noticed Natasha
  4323 | D:4      | Killed Natasha
  4632 | D:4      | Identified the +5 ring mail of Existentialism {rC+ Dex+5}
                  | (You found it on level 4 of the Dungeon)
  4650 | D:5      | Entered Level 5 of the Dungeon
  4659 | D:5      | Found Fameohon's Assorted Antiques.
  5031 | D:5      | Slain by a centaur

Illustrated notes

Levels and vault maps discovered:
D:1:      dpeg_chamrin_arrival_tetris, layout_loops_ring
D:2:      layout_rooms, nicolae_overflow_hidden_temple,
          chequers_ecumenical_altar_island, st_stairs_8
D:3:      layout_loops_ring, elyvilon_altar_3
D:4:      layout_cave_pods, uniq_natasha
D:5:      layout_rooms, amethyst_overflow_temple_binary,
          makhleb_altar_promises_db, serial_shops, shop

Skill      XL: |  1  2  3  4  5  6 |
---------------+-------------------+-----
Invocations    | 1 2 |  2.3
Short Blades   | 1 2 |  2.1
Long Blades    | 1 2 |  2.1
Axes           | 1 2 |  2.1
Maces & Flails | 1 2 |  2.1
Polearms       | 1 2 |  2.1
Staves         | 1 2 |  2.1
Slings         | 1 2 |  2.1
Bows           | 1 2 |  2.1
Dodging        | 1 2 |  2.1
Stealth        | 1 2 |  2.1
Unarmed Combat | 1 2 |  2.1
Evocations     | 1 2 |  2.1
Spellcasting   | 3 |  3.5
Conjurations   | 1 |  1.6
Hexes          | 1 |  1.6
Summonings     | 1 |  1.6
Necromancy     | 1 |  1.6
Translocations | 1 |  1.6
Transmutations | 1 |  1.6
Fire Magic     | 1 |  1.6
Ice Magic      | 1 |  1.6
Air Magic      | 1 |  1.6
Earth Magic    | 1 |  1.6
Fighting       | 3 |  3.3
Throwing       | 3 |  3.3
Armour         | 3 |  3.3
Shields        | 3 |  3.3
Poison Magic   | 4 |  4.1
Crossbows      | |  6.9

Action                   |  1- 3 |  4- 6 || total
-------------------------+-------+-------++-------
Melee: Mace              |     7 |       ||     7
       Bite              |     2 |     1 ||     3
       Flail             |       |    31 ||    31
 Fire: Hand crossbow     |    13 |    24 ||    37
 Cast: Sting             |    34 |    47 ||    81
  Use: Potion            |     1 |       ||     1
       Scroll            |     1 |     5 ||     6
Armor: Robe              |     3 |     6 ||     9
Dodge: Dodged            |    19 |    40 ||    59
